Map: 이페머론 - 래더

Players

Trap - Winner!

  • Race: Protoss Protoss
  • Spawn Location: 5:00

INnoVation

  • Race: Terran Terran
  • Spawn Location: 11:00

Event: IEM Katowice 2020

VOD

Have the link to the VOD?

Description

Time

  • Played on: Feb. 28, 2020, 9:21 a.m.
  • Length: 12:05

All games in this series

Show
View Real Time Build Order
Export as new Build Order

Trap Protoss - Winner!

Build Orders: 1 Gate Expand, Double Forge, Phoenix Opening, Blink Stalkers 

Get SALT Encoding   

  12  0:00  Probe  
  13  0:12  Probe  
  14  0:17  Pylon  
  14  0:24  Probe (Chrono Boost)  
  15  0:36  Probe (Chrono Boost)  
  15  0:37  Gateway  
  16  0:44  Probe (Chrono Boost)  
  16  0:47  Assimilator  
  17  0:51  Probe  
  18  1:03  Probe  
  19  1:15  Probe  
  20  1:24  Cybernetics Core  
  20  1:34  Nexus  
  20  1:41  Pylon  
  20  1:44  Probe  
  21  1:50  Assimilator  
  21  1:56  Probe  
  21  1:58  Adept (Chrono Boost)  
  24  2:05  Warp Gate  
  24  2:08  Probe  
  25  2:20  Probe (Chrono Boost)  
  25  2:21  Sentry  
  29  2:31  Probe (Chrono Boost)  
  29  2:35  Probe (Chrono Boost)  
  29  2:38  Twilight Council  
  30  2:46  Probe (Chrono Boost)  
  30  2:47  Stalker  
  34  2:52  Probe (Chrono Boost)  
  34  2:55  Phoenix, Probe (Chrono Boost)  
  35  3:00  Probe x2 (Chrono Boost)  
  35  3:05  Gateway  
  37  3:10  Probe  
  37  3:12  Probe, Blink (Chrono Boost)  
  39  3:22  Probe  
  39  3:24  Probe  
  39  3:26  Pylon  
  41  3:35  Probe  
  41  3:36  Probe  
  43  3:47  Probe  
  44  3:48  Probe  
  44  3:50  Nexus  
  45  3:55  Pylon  
  45  3:59  Probe  
  45  4:01  Probe  
  47  4:05  Stalker x2  
  51  4:14  Forge x2  
  51  4:16  Probe (Chrono Boost)  
  52  4:18  Probe (Chrono Boost)  
  52  4:24  Pylon  
  53  4:28  Probe (Chrono Boost)  
  53  4:29  Probe (Chrono Boost)  
  55  4:32  Stalker  
  55  4:33  Probe (Chrono Boost)  
  55  4:34  Probe (Chrono Boost)  
  55  4:36  Stalker  
  61  4:39  Pylon  
  61  4:43  Probe, Pylon  
  61  4:45  Probe  
  63  4:46  Protoss Ground Weapons Level 1 (Chrono Boost)  
  63  4:47  Protoss Ground Armor Level 1 (Chrono Boost)  
  63  5:04  Probe x3  
  66  5:07  Gateway  
  66  5:08  Gateway  
  66  5:13  Gateway  
  66  5:15  Gateway  
  66  5:17  Probe x2 (Chrono Boost)  
  66  5:18  Probe (Chrono Boost)  
  69  5:21  Charge  
  72  5:28  Probe x3 (Chrono Boost)  
  72  5:31  Gateway  
  72  5:33  Probe x3 (Chrono Boost)  
  72  5:34  Pylon  
  75  5:38  Sentry  
  75  5:41  Robotics Facility  
  77  5:43  Assimilator  
  77  5:45  Assimilator  
  77  5:47  Pylon  
  77  5:50  Gateway  
  77  5:54  Stalker  
  77  5:55  Pylon  
  79  6:02  Nexus  
  79  6:05  Pylon  
  79  6:10  Zealot x2  
  79  6:11  Zealot  
  85  6:15  Zealot x2  
  85  6:17  Zealot  
  91  6:19  Probe x2  
  91  6:20  Probe  
  91  6:25  Photon Cannon  
  94  6:26  Warp Prism (Chrono Boost)  
  96  6:34  Robotics Bay  
  96  6:44  Zealot x5  
  106  6:47  Stalker  
  106  6:50  Protoss Ground Weapons Level 2 (Chrono Boost)  
  106  6:51  Stalker  
  106  6:52  Stalker  
  112  7:00  Protoss Ground Armor Level 2 (Chrono Boost)  
  112  7:05  Zealot x2  
  112  7:15  Zealot x4  
  113  7:26  Probe x3  
  113  7:28  Stalker x2  
  110  7:30  Probe  
  110  7:33  Zealot x2  
  114  7:38  Probe x2  
  112  7:44  Zealot x2  
  112  7:45  Colossus (Chrono Boost)  
  122  7:55  Zealot x6  
  134  7:59  Photon Cannon  
  134  8:04  Probe x3  
  137  8:11  Pylon  
  137  8:12  Pylon  
  137  8:14  Extended Thermal Lance  
  137  8:17  Probe x4  
  137  8:18  Pylon  
  141  8:20  Pylon  
  141  8:29  Pylon, Colossus (Chrono Boost)  
  141  8:32  Zealot x3  
  153  8:41  Gateway x2  
  153  8:44  Stalker  
  153  8:45  Stalker x2  
  159  8:50  Zealot x2  
  159  8:59  Zealot x2  
  159  9:00  Zealot  
  165  9:06  Pylon  
  165  9:09  Protoss Ground Armor Level 3 (Chrono Boost)  
  159  9:12  Colossus (Chrono Boost)  
  159  9:15  Zealot x4  
  159  9:16  Zealot  
  169  9:20  Zealot x2  
  167  9:27  Protoss Shields Level 1 (Chrono Boost)  
  167  9:30  Probe x4  
  161  9:41  Dark Shrine  
  161  9:42  Probe  
  161  9:45  Assimilator  
  158  9:46  Assimilator, Stalker x2  
  158  9:47  Stalker x2  
  158  9:51  Warp Prism (Chrono Boost)  
  166  9:52  Pylon  
  166  9:55  Stalker x2  
  166  9:56  Stalker  
  174  10:02  Zealot x3  
  178  10:25  Zealot x7  
  178  10:26  Zealot x3  
  192  10:31  Colossus (Chrono Boost)  
  184  10:45  Robotics Facility  
  184  10:47  Nexus  
  184  10:50  Zealot x5  
  184  10:51  Zealot x3  
  200  11:00  Pylon  
  186  11:20  Disruptor (Chrono Boost)  
  186  11:24  Zealot x7  
  186  11:25  Zealot  
  163  11:49  Zealot x6  
  163  11:50  Zealot x4  
Show
View Real Time Build Order
Export as new Build Order

INnoVation Terran 

Build Orders: Reaper Expand 

Get SALT Encoding   

  12  0:00  SCV  
  13  0:12  SCV  
  14  0:17  Supply Depot  
  14  0:25  SCV  
  15  0:38  SCV  
  15  0:40  Barracks  
  16  0:43  Refinery  
  16  0:51  SCV  
  17  1:03  SCV  
  18  1:15  SCV  
  19  1:27  Orbital Command, Reaper  
  20  1:45  Command Center  
  20  1:52  Supply Depot  
  20  1:54  SCV  
  20  1:59  Marine  
  22  2:06  SCV  
  23  2:11  Factory  
  23  2:20  Bunker, Barracks Reactor  
  23  2:22  SCV  
  24  2:30  Refinery  
  24  2:34  SCV  
  25  2:46  SCV  
  26  2:56  Starport  
  26  2:57  Orbital Command  
  26  2:58  SCV  
  26  3:01  Marine x2  
  26  3:04  Widow Mine  
  31  3:10  SCV  
  32  3:18  Marine  
  32  3:19  Marine  
  34  3:22  SCV  
  34  3:23  SCV  
  34  3:25  Factory Tech Lab  
  36  3:28  Supply Depot  
  36  3:34  SCV  
  36  3:36  SCV  
  36  3:38  Marine x2  
  40  3:48  SCV x2  
  42  3:49  Factory Tech Lab  
  42  3:50  Raven  
  42  3:52  Supply Depot  
  44  3:55  Marine  
  44  3:56  Marine  
  44  4:00  SCV x2  
  48  4:11  Siege Tank  
  48  4:12  Command Center  
  48  4:14  SCV  
  48  4:15  SCV  
  53  4:23  Marine x2  
  55  4:25  Barracks  
  55  4:26  Supply Depot  
  55  4:28  SCV  
  55  4:30  SCV  
  57  4:36  Barracks  
  57  4:40  SCV  
  57  4:42  SCV, Refinery  
  57  4:44  Refinery  
  59  4:52  SCV  
  60  4:53  Marine x2, Supply Depot  
  60  4:54  SCV  
  60  4:58  Engineering Bay  
  63  5:00  Engineering Bay  
  63  5:04  SCV  
  63  5:06  SCV  
  65  5:09  Starport Reactor  
  65  5:10  Factory Reactor  
  65  5:11  Marine  
  65  5:12  Marine  
  66  5:16  SCV  
  66  5:18  SCV  
  68  5:23  Orbital Command  
  68  5:24  Stimpack  
  68  5:26  Combat Shield  
  68  5:29  SCV, Terran Infantry Weapons Level 1  
  68  5:30  SCV  
  68  5:32  Terran Infantry Armor Level 1  
  68  5:41  SCV  
  68  5:42  SCV  
  70  5:43  Barracks  
  70  5:44  Barracks  
  70  5:48  Marauder  
  70  5:49  Marauder  
  74  5:53  Medivac  
  74  5:54  Medivac  
  80  5:57  Widow Mine  
  80  5:58  Widow Mine  
  80  6:00  SCV x2  
  84  6:05  Supply Depot  
  84  6:08  Supply Depot  
  84  6:10  Marauder  
  84  6:11  Marauder  
  88  6:12  Marine x2  
  88  6:14  SCV x2  
  92  6:21  Supply Depot  
  92  6:23  Orbital Command  
  92  6:27  Medivac x2, Widow Mine x2  
  92  6:28  SCV  
  92  6:29  SCV  
  92  6:32  Barracks Reactor, Barracks Tech Lab  
  100  6:34  Missile Turret  
  100  6:35  Marauder  
  100  6:38  Marine x2, Marauder  
  106  6:43  SCV x2  
  106  6:49  SCV  
  106  6:50  Supply Depot  
  106  6:51  Widow Mine  
  106  6:52  Widow Mine  
  111  6:55  SCV x2  
  111  6:58  Medivac x2  
  117  7:12  SCV x3, Marauder x2  
  124  7:20  Marauder  
  124  7:21  Widow Mine  
  124  7:22  Widow Mine  
  124  7:27  SCV x3  
  124  7:28  Medivac x2  
  114  7:31  Marine x2  
  114  7:32  Marine x2  
  114  7:33  Marauder  
  114  7:36  Refinery x2  
  111  7:40  SCV x3, Armory  
  110  7:49  Marauder x2  
  112  7:53  Missile Turret  
  112  7:54  Widow Mine x2  
  112  7:55  Missile Turret, Marauder  
  118  7:59  Marine x4  
  118  8:03  Ghost Academy  
  122  8:06  Supply Depot  
  122  8:07  Supply Depot  
  122  8:09  Supply Depot  
  122  8:15  Widow Mine  
  124  8:21  Command Center  
  124  8:28  Widow Mine  
  124  8:29  Terran Infantry Weapons Level 2, Terran Infantry Armor Level 2  
  124  8:31  Marine x4  
  124  8:33  Missile Turret  
  132  8:36  Supply Depot x2  
  132  8:38  Supply Depot  
  134  8:49  Barracks x2  
  134  8:51  SCV x3, Barracks  
  135  8:57  Viking  
  135  8:58  Viking  
  135  9:01  Unknown  
  136  9:03  SCV x3  
  136  9:05  Unknown  
  132  9:13  Unknown  
  132  9:15  SCV x3  
  130  9:27  SCV x3  
  130  9:28  Starport, Viking x2  
  136  9:34  Terran Ship Weapons Level 1  
  131  9:39  SCV x3  
  134  9:46  Enhanced Shockwaves  
  134  9:51  SCV x3  
  134  9:52  Barracks Tech Lab x2  
  137  10:03  SCV x2  
  137  10:04  SCV  
  138  10:15  Viking x2  
  138  10:16  Viking x2  
  138  10:17  Marauder x5  
  138  10:18  Barracks Reactor  
  138  10:19  SCV  
  138  10:20  SCV x2  
  142  10:28  Marine  
  142  10:29  Marine  
  138  10:38  Marauder x3  
  138  10:40  Marauder x2  
  138  10:41  Marine x2  
  148  10:46  Marine x2, Viking  
  152  11:00  Marauder x2  
  152  11:01  Marine x3  
  157  11:07  Marine x2  
  148  11:17  Marine, Marauder x3  
  153  11:19  Marine x3  
  153  11:21  Marauder x2  
  153  11:25  Marine x2  
  161  11:35  Marine  
  161  11:36  Marine  
  161  11:37  Marine x2  
  161  11:38  Marauder x3  
  158  11:42  Marauder x2  

Tags
 
Add a new tag
Caveats
  • Supply blocks, unpowered buildings, or Contaminate may cause inaccurate times.
  • Supply counts are checked every 10 seconds.